Map: 로스트 앤 파운드 - 래더

Players

DnS - Winner!

  • Race: Protoss Protoss
  • Spawn Location: 1:00

DeadSaint

  • Race: Zerg Zerg
  • Spawn Location: 7:00

Event: WCS Austin 2018

VOD

Have the link to the VOD?

Description

Time

  • Played on: June 1, 2018, 2:27 p.m.
  • Length: 9:27

All games in this series

Show
View Real Time Build Order
Export as new Build Order

DnS Protoss - Winner!

Build Orders: Zealot Archon 

Get SALT Encoding   

  12  0:00  Probe  
  13  0:13  Probe  
  14  0:19  Pylon  
  14  0:25  Probe  
  15  0:34  Probe  
  15  0:41  Gateway  
  15  0:42  Probe  
  16  0:47  Assimilator  
  17  0:52  Probe  
  18  1:04  Probe  
  19  1:16  Probe  
  20  1:28  Zealot  
  20  1:30  Cybernetics Core  
  20  1:32  Pylon  
  22  1:40  Gateway  
  22  1:46  Probe  
  23  1:57  Adept  
  23  1:59  Assimilator, Probe  
  26  2:11  Probe  
  27  2:15  Shield Battery  
  27  2:23  Adept  
  30  2:30  Adept  
  31  2:39  Pylon  
  31  2:42  Shield Battery  
  31  2:54  Adept  
  31  2:56  Pylon, Probe  
  33  2:59  Adept  
  33  3:03  Gateway  
  35  3:17  Cybernetics Core  
  35  3:18  Probe  
  36  3:38  Nexus  
  36  3:49  Probe  
  36  3:53  Warp Gate  
  37  3:56  Stargate  
  37  3:58  Probe  
  38  4:06  Probe  
  38  4:15  Pylon  
  38  4:16  Probe  
  40  4:28  Probe  
  41  4:33  Pylon  
  41  4:41  Probe  
  47  4:50  Oracle, Probe  
  46  4:56  Gateway  
  46  5:01  Pylon  
  46  5:04  Pylon  
  46  5:07  Pylon  
  44  5:08  Pylon  
  44  5:09  Probe x2  
  46  5:19  Oracle  
  46  5:21  Probe x2  
  51  5:33  Probe x2  
  53  5:37  Robotics Facility  
  53  5:45  Assimilator, Probe  
  53  5:46  Probe  
  53  5:48  Assimilator  
  53  5:49  Twilight Council  
  55  5:56  Phoenix  
  55  5:58  Probe x2  
  59  6:05  Charge  
  59  6:10  Probe x2  
  61  6:14  Warp Prism  
  61  6:15  Gateway  
  61  6:16  Gateway  
  61  6:22  Probe x2  
  65  6:41  Templar Archives  
  65  6:43  Zealot x3  
  65  6:44  Zealot  
  73  6:51  Pylon  
  73  6:59  Pylon  
  70  7:17  Nexus  
  70  7:19  High Templar x4  
  70  7:20  Zealot, Pylon  
  80  7:22  Zealot  
  80  7:23  Archon x2  
  82  7:36  Probe  
  83  7:41  Pylon  
  83  7:45  Observer  
  83  7:46  Probe  
  85  7:53  Zealot x2  
  85  7:54  Zealot x4  
  85  7:57  Pylon  
  97  8:07  Probe  
  97  8:10  Immortal, Probe  
  87  8:26  Probe x2  
  93  8:34  Zealot x6  
  99  8:36  Immortal  
  101  8:45  Probe  
  101  8:46  Probe  
  93  8:55  Sentry x5  
  101  8:56  Sentry  
  101  9:21  Zealot x6  
Show
View Real Time Build Order
Export as new Build Order

DeadSaint Zerg 

Build Orders: Pool First, Zergling Baneling 

Get SALT Encoding   

  12  0:01  Drone  
  13  0:16  Extractor  
  12  0:24  Spawning Pool  
  11  0:29  Drone  
  11  0:34  Drone  
  13  0:41  Drone  
  14  0:47  Overlord  
  14  1:12  Zergling x4  
  14  1:15  Zergling x2  
  17  1:20  Metabolic Boost  
  17  1:25  Zergling x2  
  18  1:34  Zergling x2  
  19  1:46  Zergling x2  
  20  1:47  Baneling Nest  
  19  1:56  Zergling x2  
  20  2:03  Queen  
  20  2:06  Overlord  
  22  2:26  Zergling x2  
  21  2:31  Drone  
  21  2:34  Baneling x3  
  21  2:35  Baneling  
  22  2:44  Zergling x2  
  23  2:46  Baneling  
  23  2:51  Zergling x2  
  24  3:00  Zergling x2  
  22  3:13  Drone  
  22  3:14  Drone x2  
  22  3:15  Drone  
  25  3:24  Hatchery  
  24  3:29  Drone  
  24  3:35  Zergling x2  
  25  3:46  Zergling x2  
  26  3:48  Drone x2  
  26  3:49  Drone  
  29  3:58  Zergling x2  
  30  4:10  Hatchery  
  30  4:15  Overlord  
  29  4:20  Drone  
  30  4:30  Baneling x4  
  30  4:31  Baneling x2  
  30  4:33  Overlord  
  30  4:38  Zergling x2  
  31  4:42  Zergling x4  
  33  4:46  Zergling x2  
  33  4:51  Zergling x2  
  30  5:02  Zergling x4  
  30  5:04  Drone x2  
  30  5:06  Spore Crawler, Drone  
  32  5:11  Spore Crawler  
  31  5:15  Drone x2  
  31  5:18  Drone  
  34  5:21  Drone  
  34  5:24  Drone  
  36  5:29  Drone  
  36  5:31  Drone  
  36  5:33  Drone  
  39  5:39  Drone  
  39  5:40  Drone x2  
  39  5:41  Drone  
  43  5:47  Roach Warren  
  42  5:54  Queen  
  42  6:05  Drone x2  
  42  6:07  Queen  
  42  6:11  Drone  
  47  6:12  Drone x3  
  47  6:15  Extractor  
  47  6:17  Overlord  
  49  6:26  Overlord  
  49  6:27  Roach x2  
  51  6:37  Queen  
  51  6:38  Roach  
  51  6:39  Roach  
  54  6:43  Drone x4  
  58  6:51  Roach x3  
  64  6:54  Drone  
  64  6:55  Drone  
  64  7:00  Overlord  
  62  7:10  Roach x2  
  62  7:13  Overlord  
  62  7:15  Overlord  
  66  7:19  Drone x4  
  70  7:26  Drone x3  
  73  7:32  Roach  
  73  7:33  Roach  
  77  7:38  Zergling x6  
  77  7:40  Roach  
  81  7:47  Roach x2  
  85  7:52  Roach x2  
  89  7:58  Extractor  
  77  8:15  Roach x4  
  79  8:31  Roach  
  79  8:32  Roach  
  79  8:33  Zergling x2  
  85  8:34  Zergling x16  
  85  8:35  Overlord  
  88  8:48  Roach  
  80  8:55  Roach  
  63  9:04  Zergling x6  
Tags
 
Add a new tag
Caveats
  • Supply blocks, unpowered buildings, or Contaminate may cause inaccurate times.
  • Supply counts are checked every 10 seconds.